 Dungeon Crawl Stone Soup version 0.18-a0-1784-ga939a68 (webtiles) character file.

22385 Grushdeva the Spry (level 13, 0/83 HPs)
             Began as a Kobold Berserker on Apr 18, 2016.
             Was a High Priest of Trog.
             Slain by a spiny frog (11 damage)
             ... on level 2 of the Lair of Beasts on Apr 19, 2016.
             The game lasted 02:31:20 (15189 turns).

Grushdeva the Spry (Kobold Berserker)              Turns: 15189, Time: 02:31:20

Health: 0/83       AC:  7    Str: 17    XL:     13   Next: 27%
Magic:  17/17      EV: 25    Int:  6    God:    Trog [*****.]
Gold:   280        SH: 10    Dex: 18    Spells: 0 memorised, 12 levels left

rFire  . . .     SeeInvis .     p - +2 dagger (venom)
rCold  + + .     Gourm    .     v - +2 leather armour {rC+}
rNeg   . . .     Faith    .     s - +2 shield
rPois  +         Spirit   .     (no helmet)
rElec  .         Dismiss  .     t - +0 cloak
rCorr  .         Reflect  .     f - +0 pair of gloves
SustAt .         Harm     .     (no boots)
MR     +++..                    (no amulet)
Stlth  ++++++....               w - ring of poison resistance
                                g - ring of protection from cold

@: regenerating, extremely resistant to hostile enchantments, very stealthy
A: carnivore 3, magic resistance 1
a: Berserk, Trog's Hand, Brothers in Arms, Burn Spellbooks, Renounce Religion


You were on level 2 of the Lair of Beasts.
You worshipped Trog.
Trog was extremely pleased with you.
You were very full.

You visited 3 branches of the dungeon, and saw 14 of its levels.
You also visited: Ice Cave.

You collected 665 gold pieces.
You spent 385 gold pieces at shops.

Inventory:

Hand Weapons
 p - a +2 dagger of venom (weapon)
 T - a +2 dagger of draining
Armour
 f - a +0 pair of gloves (worn)
 s - a +2 shield (worn)
 t - a +0 cloak (worn)
 v - a +2 leather armour of cold resistance (worn)
Jewellery
 g - a ring of protection from cold (left hand)
 w - a ring of poison resistance (right hand)
 A - the ring of Existentialism {+Blink rC- rN++ Str-2}
   (You took it off a crimson imp on level 9 of the Dungeon)

   [ring of strength]

   It affects your strength (-2).
   It makes you vulnerable to cold.
   It greatly protects you from negative energy.
   It lets you blink.
 F - an uncursed ring of stealth
Wands
 x - a wand of disintegration (24/24)
 y - a wand of lightning (7/15)
 G - a wand of lightning (7/15)
 K - a wand of flame (30/48)
 L - a wand of disintegration (19/24)
 N - a wand of flame (14/48)
 Q - a wand of teleportation (5/9)
Scrolls
 a - 4 scrolls of teleportation
 e - 3 scrolls of blinking
 i - 5 scrolls of recharging
 r - 3 scrolls of enchant armour
 H - a scroll of brand weapon {unknown}
 I - a scroll of enchant weapon
 J - a scroll of torment {unknown}
 O - a scroll of acquirement {unknown}
 P - a scroll of remove curse
Potions
 b - a potion of cure mutation
 h - 4 potions of flight {unknown}
 j - 5 potions of curing
 k - 3 potions of heal wounds
 m - 4 potions of mutation {unknown}
 n - a potion of haste
 q - 3 potions of resistance {unknown}
 z - 3 potions of might
 C - 2 potions of brilliance
 S - a potion of agility
Miscellaneous
 d - a phantom mirror
 B - a disc of storms
 D - a plain deck of changes
 E - a disc of storms
Comestibles
 c - 8 meat rations
 l - a chunk of flesh
 u - 8 slices of pizza
 M - 2 beef jerkies


   Skills:
 * Level 10.4 Fighting
 - Level 11.4 Short Blades
 - Level 1.5 Armour
 - Level 16.2 Dodging
 - Level 12.2 Stealth
 + Level 5.8 Evocations


You had 12 spell levels left.
You didn't know any spells.

Dungeon Overview and Level Annotations

Branches:
Dungeon (11/15)            Temple (1/1) D:7            Lair (2/8) D:8
    Orc (0/2) D:11

Altars:
Ashenzari
Cheibriados
Dithmenos
Elyvilon
Fedhas
Gozag
Kikubaaqudgha
Makhleb
Nemelex Xobeh
Okawaru
Pakellas
Qazlal
Ru
Sif Muna
Trog
Vehumet
Xom
Yredelemnul
Zin
The Shining One

Shops:
D:4 [   D:5 [   D:11 !


Innate Abilities, Weirdness & Mutations

You are small and have problems with some larger weapons.
You are carnivorous and can eat meat at any time.
You are resistant to hostile enchantments.


Message History

You hit the spiny frog but do no damage.
You closely miss the spiny frog. You block the spiny frog's attack.
You hit the spiny frog but do no damage.
You block the spiny frog's attack.
You closely miss the spiny frog. The spiny frog stings you!
* * * LOW HITPOINT WARNING * * *
You hit the spiny frog.
The spiny frog is poisoned.
The spiny frog is lightly wounded.
You hit the spiny frog but do no damage.
The spiny frog looks even sicker.
The spiny frog is lightly wounded.
You block the spiny frog's attack.
You hit the spiny frog but do no damage.
The spiny frog is lightly wounded.
The spiny frog stings you!
* * * LOW HITPOINT WARNING * * *
Your skin crawls.
You feel resistant to hostile enchantments.
You feel slightly less full. The spiny frog stings you!
You die...

.. #P..<........⌠.>..'. #.
########......##........#. .
..............###.##.⌠.... ..
#.###..#.##...#.#.####.## ......
####...##........###...# .......
#.....#.#P..##.....#...#
.......###.#..............P......
.......P #.##.............#.#....
.......###.##.PP@≈..P..PP.....)..
........##..#.≈≈F≈..P≈≈≈≈.#.#....
..............≈≈≈≈≈P≈P≈P≈........
..............≈P≈÷≈≈≈≈≈≈≈.#.#....
..............≈P≈PP≈≈≈≈P≈........
.....>........≈P≈≈≈≈≈≈P≈≈........
.............♣≈≈≈≈≈≈≈≈≈≈≈♣.......
###.##P#...#.♣P≈≈≈≈≈≈≈≈≈≈♣!....##
########...♣♣≈≈≈≈≈≈≈≈≈≈♣.#.P##


You could see a spiny frog.

Vanquished Creatures
  A hydra (D:9)
  A queen ant (D:11)
  An unseen horror (D:11)
  A hill giant (D:8)
  A necromancer (IceCv)
  2 cyclopes
  A centaur zombie (D:10)
  3 ice statues (IceCv)
  2 spiny frogs (Lair:1)
  4 ice devils (IceCv)
  5 komodo dragons
  A troll (D:9)
  9 blink frogs (Lair:1)
  Prince Ribbit (D:5)
  A spriggan (Lair:1)
  2 wyverns
  A basilisk (D:8)
  Eustachio (D:5)
  A hippogriff (Lair:1)
  22 yaks
  Edmund (D:6)
  7 soldier ants (D:11)
  Duvessa (D:6)
  2 water moccasins
  A porcupine (Lair:2)
  3 sky beasts (D:10)
  A wasp (Lair:1)
  3 ice beasts
  A black bear (D:11)
  6 orc warriors
  2 centaurs
  An eye of draining (D:9)
  A phantom (D:10)
  A necrophage (D:11)
  6 ogres
  5 crocodiles
  The ghost of Crossbreed666 the Ducker, an amateur DsGl (D:3)
  3 big kobolds (D:9)
  Blork the orc (D:6)
  7 giant frogs
  A gnoll sergeant (D:5)
  A wyvern skeleton (D:10)
  Dowan (D:6)
  6 killer bees (D:8)
  5 scorpions
  A water moccasin skeleton (D:5)
  2 wights (D:9)
  8 howler monkeys
  An electric eel (Lair:2)
  6 crimson imps
  A quasit (D:9)
  3 draconian simulacra (IceCv)
  3 giant frog skeletons
  A hound (D:5)
  5 orc priests
  Crazy Yiuf (D:5)
  8 orc wizards
  A centaur skeleton (D:7)
  Jessica (D:2)
  7 iguanas
  Terence (D:2)
  18 worker ants
  2 troll simulacra (IceCv)
  A killer bee zombie (D:6)
  6 sheep
  A centaur simulacrum (IceCv)
  A hound zombie (D:10)
  A hound skeleton (D:4)
  3 gnolls (D:5)
  2 worker ant zombies
  8 adders
  2 ogre simulacra (IceCv)
  9 river rats (Lair:1)
  2 naga simulacra (IceCv)
  3 shadow imps
  An adder skeleton (D:9)
  A worm (D:4)
  2 dart slugs (D:1)
  2 giant geckos (D:3)
  34 orcs
  3 ball pythons
  5 giant cockroaches
  7 hobgoblins
  10 jackals
  7 kobolds
  5 quokkas
  4 bats
  8 giant newts
  9 goblins
  2 quokka skeletons (D:5)
  10 rats
348 creatures vanquished.

Vanquished Creatures (collateral kills)
  The ghost of Sharkman1231 the Basher, a journeyman HuAK of Lugonu (D:9)
  8 soldier ants (D:11)
  A wight (D:9)
  20 worker ants (D:11)
30 creatures vanquished.

Vanquished Creatures (others)
  A wasp (D:7)
  A hound (D:9)
2 creatures vanquished.

Grand Total: 380 creatures vanquished

Notes
Turn   | Place    | Note
--------------------------------------------------------------
     0 | D:1      | Grushdeva the Kobold Berserker began the quest for the Orb.
     0 | D:1      | Reached XP level 1. HP: 14/14 MP: 1/1
   309 | D:1      | Reached skill level 1 in Stealth
   432 | D:1      | Reached XP level 2. HP: 11/19 MP: 2/2
   751 | D:1      | Reached skill level 3 in Dodging
   917 | D:2      | Noticed Terence
   930 | D:2      | Killed Terence
   930 | D:2      | Reached XP level 3. HP: 23/23 MP: 3/3
  1144 | D:2      | Noticed Jessica
  1148 | D:2      | Killed Jessica
  1148 | D:2      | Reached XP level 4. HP: 28/28 MP: 4/4
  1150 | D:2      | Reached skill level 4 in Dodging
  1540 | D:2      | Reached ** piety under Trog
  1590 | D:2      | Reached XP level 5. HP: 12/32 MP: 5/5
  1966 | D:3      | Found a faded altar to an unknown god.
  2091 | D:3      | Noticed Crossbreed666's ghost (amateur DsGl)
  2107 | D:3      | Killed Crossbreed666's ghost
  2107 | D:3      | Reached skill level 5 in Short Blades
  2107 | D:3      | Reached skill level 5 in Dodging
  2107 | D:3      | Reached XP level 6. HP: 37/37 MP: 6/6
  2774 | D:4      | Found Ydaph's Armour Emporium.
  2871 | D:4      | Noticed an ogre
  2883 | D:4      | Killed an ogre
  3031 | D:4      | Reached skill level 6 in Dodging
  3031 | D:4      | Reached XP level 7. HP: 31/41 MP: 7/7
  3431 | D:5      | Entered Level 5 of the Dungeon
  3437 | D:5      | Reached skill level 5 in Stealth
  3453 | D:5      | Noticed Prince Ribbit
  3454 | D:5      | Found a sparkling altar of Nemelex Xobeh.
  3461 | D:5      | Killed Prince Ribbit
  3461 | D:5      | Reached skill level 7 in Dodging
  3461 | D:5      | Reached XP level 8. HP: 46/46 MP: 8/8
  3469 | D:5      | Reached *** piety under Trog
  3485 | D:5      | Found Gyipyrch's Armour Shoppe.
  3550 | D:5      | Noticed Eustachio
  3562 | D:5      | Killed Eustachio
  3614 | D:5      | Reached skill level 8 in Dodging
  4088 | D:5      | Noticed Crazy Yiuf
  4094 | D:5      | Killed Crazy Yiuf
  4094 | D:5      | Reached skill level 9 in Dodging
  4186 | D:5      | Found a glowing golden altar of the Shining One.
  4402 | D:6      | Reached XP level 9. HP: 51/51 MP: 9/9
  4551 | D:6      | Reached **** piety under Trog
  4684 | D:6      | Found a radiant altar of Vehumet.
  4724 | D:6      | Reached skill level 10 in Dodging
  4955 | D:6      | Noticed Edmund
  4962 | D:6      | Killed Edmund
  4994 | D:6      | Noticed Blork the orc
  5001 | D:6      | Killed Blork the orc
  5032 | D:6      | Found an ancient bone altar of Kikubaaqudgha.
  5183 | D:6      | Noticed Dowan
  5185 | D:6      | Noticed Duvessa
  5194 | D:6      | Killed Dowan
  5202 | D:6      | Killed Duvessa
  5477 | D:7      | Found a staircase to the Ecumenical Temple.
  5498 | Temple   | Entered the Ecumenical Temple
  5996 | D:7      | Found a sparkling altar of Nemelex Xobeh.
  6113 | D:7      | Reached skill level 11 in Dodging
  6381 | D:7      | Found an oddly glowing altar of Pakellas.
  6381 | D:7      | Noticed an orange crystal statue
  6430 | D:8      | Noticed a hill giant
  6457 | D:8      | Reached XP level 10. HP: 23/56 MP: 10/10
  6458 | D:8      | Killed a hill giant
  6675 | D:8      | Found a deep blue altar of Sif Muna.
  6689 | D:8      | Found a staircase to the Lair.
  6703 | D:8      | Noticed a komodo dragon
  6703 | D:8      | Noticed a komodo dragon
  6720 | D:8      | Killed a komodo dragon
  6720 | D:8      | Reached skill level 10 in Stealth
  6728 | D:8      | Killed a komodo dragon
  6728 | D:8      | Reached skill level 10 in Short Blades
  6728 | D:8      | Reached skill level 12 in Dodging
  6729 | D:8      | Reached ***** piety under Trog
  7013 | D:8      | Found an opulent altar of Gozag.
  7013 | D:8      | Found a burning altar of Makhleb.
  7056 | D:8      | Found a snail-covered altar of Cheibriados.
  7057 | D:8      | Found a shattered altar of Ashenzari.
  7058 | D:8      | Found a bloodstained altar of Trog.
  7061 | D:8      | Found a blossoming altar of Fedhas.
  7648 | D:9      | Noticed Sharkman1231's ghost (journeyman HuAK)
  7701 | D:9      | Killed Sharkman1231's ghost
  7701 | D:9      | Reached XP level 11. HP: 19/60 MP: 11/11
  7993 | D:9      | Reached skill level 13 in Dodging
  8236 | D:9      | Noticed a three-headed hydra
  8248 | D:9      | Killed a three-headed hydra
  8569 | D:9      | Reached skill level 14 in Dodging
  8679 | D:9      | Got a faintly glowing wooden ring
  8986 | D:10     | Entered Level 10 of the Dungeon
  9087 | D:10     | Noticed a cyclops
  9105 | D:10     | Killed a cyclops
  9557 | D:10     | Identified the cursed ring of Existentialism {+Blink rC- rN++ Str-2} (You took it off a crimson imp on level 9 of the Dungeon)
  9982 | D:10     | Received a gift from Trog
 10022 | D:10     | Reached skill level 5 in Fighting
 10338 | D:11     | Reached XP level 12. HP: 68/68 MP: 12/12
 10355 | D:11     | Reached skill level 15 in Dodging
 10407 | D:11     | Noticed a queen ant
 10411 | D:11     | Killed a queen ant
 11014 | D:11     | Found Gakleb's Distillery.
 11062 | D:11     | Bought a potion of beneficial mutation for 385 gold pieces
 11064 | D:11     | Gained mutation: You are resistant to hostile enchantments. [potion of beneficial mutation]
 11234 | D:11     | Killed an unseen horror
 11234 | D:11     | Reached skill level 16 in Dodging
 11678 | D:11     | Found a staircase to the Orcish Mines.
 11857 | Lair:1   | Entered Level 1 of the Lair of Beasts
 12099 | Lair:1   | Reached skill level 1 in Evocations
 12646 | Lair:1   | Noticed a spriggan rider
 13580 | Lair:1   | Reached XP level 13. HP: 80/80 MP: 16/16
 13919 | Lair:2   | Found a frozen archway.
 13932 | IceCv    | Entered an ice cave
 14360 | IceCv    | Reached skill level 5 in Evocations
 14719 | IceCv    | Reached skill level 10 in Fighting
 15189 | Lair:2   | Slain by a spiny frog

Vault maps used:
D:1:      scummos_arrival_checkerplants
D:2:      uniq_jessica, uniq_terence
D:3:      ecumenical_altar_2, item_on_display_a
D:4:      serial_shops, nicolae_shop_crystal, first_bread
D:5:      lemuel_coloured_pillars_altar, basic_altar, serial_shops,
          kennysheep_mini_moat, lightli_minifort, uniq_eustachio,
          uniq_crazy_yiuf_cottage, uniq_prince_ribbit1
D:6:      minmay_klotski, old_standard_altar, lemuel_crystal_altar,
          minmay_lizard_king, uniq_duvessa, uniq_edmund, uniq_blork_the_orc
D:7:      nemelex_xobeh_ov_fountains_minmay,
          gammafunk_pakellas_statue_experiment, temple_pool_a
D:8:      led_sif_pool, minitemple, dpeg_lair_monsters
D:9:      lemuel_flame_loot_2, serial_column_ruins, column_ruins_hut,
          column_ruins_columns_corner, column_ruins_grid_1,
          column_ruins_open_tiny, column_ruins_columns_straight,
          column_ruins_open_small, column_ruins_open_tiny,
          column_ruins_columns_dead_end, hangedman_ranch
D:11:     orc_0_dummy, serial_shops, nicolae_shop_statue_plus, serial_glass,
          glass_columns_b, glass_columns_a, zaba_anthell
Temple:   minmay_temple_bridge_b_8
Lair:1:   grunt_forest_large_clearings, grunt_megastairs_5
Lair:2:   portal_ice_cave_entry_pillars_02, grunt_megastairs_2,
          serial_bayou_shore_a, serial_bayou_shore_b
IceCv:    ice_cave_tombish

Skill      XL: |  1  2  3  4  5  6  7  8  9 10 11 12 13 |
---------------+----------------------------------------+-----
Stealth        | 1 2 3 4 5 7 9 11 12 | 12.2
Dodging        | 3 4 5 6 7 9 11 12 14 16 | 16.2
Short Blades   | 5 6 7 9 10 11 | 11.4
Fighting       | 5 9 10 | 10.4
Evocations     | 4 5 |  5.8
Armour         | |  1.5

Action                   |  1- 3 |  4- 6 |  7- 9 | 10-12 | 13-15 || total
-------------------------+-------+-------+-------+-------+-------++-------
Melee: Short sword       |    56 |    56 |       |       |       ||   112
       Dagger            |       |   145 |   403 |  1078 |   271 ||  1897
Invok: Berserk           |     1 |     2 |     6 |    17 |     4 ||    30
       Burn Spellbooks   |       |       |       |     5 |       ||     5
       Brothers in Arms  |       |       |       |     6 |     1 ||     7
       Trog's Hand       |       |       |       |     1 |     1 ||     2
  Use: Scroll            |       |     5 |     9 |     6 |     3 ||    23
       Potion            |       |       |       |     1 |       ||     1
 Stab: Distracted        |     1 |       |     1 |     6 |       ||     8
       Sleeping          |       |    11 |    22 |    24 |    13 ||    70
  Eat: Chunk             |    10 |     8 |    17 |    42 |     8 ||    85
Armor: Animal skin       |     2 |       |       |       |       ||     2
       Leather armour    |     5 |    25 |    24 |    68 |    10 ||   132
Dodge: Dodged            |    35 |   123 |   170 |   510 |   100 ||   938
Block: Shield            |       |       |    87 |   333 |    71 ||   491
